[Event "Late-Titled-Tuesday-Blitz-February-20-2024"]
[Site "Chess.com"]
[Date "2024.02.20"]
[Round "6"]
[White "gmtalentoso"]
[Black "rikchessmx"]
[Result "1-0"]
[WhiteElo "2465"]
[BlackElo "2233"]
[TimeControl "180+1"]
[EndTime "15:06:31 PST"]
[Termination "gmtalentoso won by resignation"]

1. e4 e5 2. Nf3 c6 3. g3 d6 4. Bg2 Be6 5. O-O Qd7 6. d4 f6 7. Re1 Bh3 8. Bh1 h5 9. dxe5 dxe5 10. Qxd7+ Nxd7 11. Nh4 Ne7 12. Be3 g5 13. Nf3 Nc8 14.
Nbd2 Bc5 15. Rad1 Ncb6 16. a3 O-O-O 17. b4 Bxe3 18. Rxe3 Nf8 19. Bg2 Bxg2 20. Kxg2 g4 21. Nh4 Ne6 22. Nf5 a6 23. Rd3 Kc7 24. Nb3 Nc4 25.
Nc5 Nxc5 26. bxc5 Nxa3 27. Ng7 Rxd3 28. Rxd3 Nb5 29. h3 a5 30. hxg4 hxg4 31. f3 gxf3+ 32. Rxf3 a4 33. c4 Nd4 34. Rxf6 Rh7 35. Ne8+ Kb8 36.
Rf8 a3 37. Nf6+ Ka7 38. Nxh7 a2 39. Rf1 Nc2 40. Rc1 a1=Q 41. Rxa1+ Nxa1 42. g4 Nc2 43. g5 Ne3+ 44. Kg3 Nxc4 45. g6 Nd2 46. Kg4 Nxe4 47. g7 Nxc5 48. g8=Q Kb6 49. Qd8+ Kb5 50. Nf6 e4 51. Nxe4 Ne6 52. Qd3+ Kb6 53. Qb3+ Kc7 54.
Qxe6 1-0

[Event "Late-Titled-Tuesday-Blitz-February-20-2024"]
[Site "Chess.com"]
[Date "2024.02.20"]
[Round "6"]
[White "Rutricks"]
[Black "Superfelix"]
[Result "0-1"]
[WhiteElo "2675"]
[BlackElo "2539"]
[TimeControl "180+1"]
[EndTime "15:06:33 PST"]
[Termination "Superfelix won on time"]

1. Nc3 d5 2. d4 g6 3. h4 h5 4. Bg5 Bg7 5. Qd2 Nf6 6. f3 Nc6 7. O-O-O Bf5 8. Nh3 Bxh3 9. Rxh3 b5 10. e4 b4 11. Bb5 bxc3 12. Bxc6+ Kf8 13. Qxc3 dxe4 14. Bxa8 Qxa8 15. Qxc7 e3 16. d5 Kg8 17. Qc6 Qb8 18. Bxe3 Ne8 19. c3 Nd6 20. g4 Kh7 21. gxh5 Rc8 22.
hxg6+ fxg6 23. Qa4 Nc4 24. Qb3 Nxe3 25. Qxb8 Rxb8 26.
Rd3 Nc4 27. b3 Ne5 28. Rd1 Nf7 29. f4 Nd6 30. c4 a5 31. a4 Nf5 32. Re1 Bf6 33. h5 g5 34. fxg5 Bxg5+ 35. Kc2 Nd4+ 36. Kb1 Nxb3 37. Kc2 Nc5 38. Rg1 Bf6 39. Kc1 Rb4 40.
Rhg3 Rxc4+ 41. Kd2 Rxa4 42. Rg6 Rd4+ 43. Ke3 Rxd5 44. h6 Rh5 45. R6g2 Rxh6 46. Kf4 a4 47. Kf5 a3 48. Rc2 Bd4 49. Rg4 Rf6+ 50. Kg5 Be3+ 51. Kh4 Bf2+ 52. Kh3 Nd3 53. Rc5 Nf4+ 54. Kh2 Rh6+ 0-1

[Event "Late-Titled-Tuesday-Blitz-February-20-2024"]
[Site "Chess.com"]
[Date "2024.02.20"]
[Round "6"]
[White "GiorgianBarbosa"]
[Black "mirciulica14"]
[Result "0-1"]
[WhiteElo "2501"]
[BlackElo "2652"]
[TimeControl "180+1"]
[EndTime "15:06:33 PST"]
[Termination "mirciulica14 won by checkmate"]

1. c4 g6 2. g3 c6 3. Nc3 d5 4.
cxd5 cxd5 5. Bg2 d4 6. Nd5 Nc6 7. Nf4 e5 8. Nd3 Bg7 9. e4 Nge7 10. Ne2 O-O 11. O-O b6 12. f4 Ba6 13. Rf3 f5 14. fxe5 fxe4 15. Rxf8+ Qxf8 16. Bxe4 Rc8 17.
Nef4 Nxe5 18. Ne6 Qf6 19. Nxg7 Nxd3 20. Qf3 Qxf3 21. Bxf3 Kxg7 22. Be2 Rxc1+ 23. Rxc1 Nxc1 24.
Bxa6 Nxa2 25. Kf2 Nb4 26. Bf1 Kf6 27. Kf3 Ke5 28. g4 g5 29. Bc4 h6 30. h3 a5 31. Bb5 Ned5 32. Be8 Nf4 33. Kg3 Nbd3 34. b3 Nc1 35. Bf7 Nd5 36. h4 Nxb3 37. h5 Nxd2 38.
Kf2 Ne4+ 39. Ke2 Nef6 40. Kd3 Nxg4 41. Kc4 Ngf6 42. Kb5 d3 43. Bg6 d2 44. Bc2 d1=Q 45. Bxd1 Nc3+ 46. Kxb6 Nxd1 47. Kxa5 g4 48. Kb4 g3 49. Kb3 g2 50. Kc2 g1=Q 51. Kd2 Qe3+ 52. Kc2 Qc3+ 53. Kb1 Qb2# 0-1

[Event "Late-Titled-Tuesday-Blitz-February-20-2024"]
[Site "Chess.com"]
[Date "2024.02.20"]
[Round "6"]
[White "Grischuk"]
[Black "DarkAlekhine"]
[Result "0-1"]
[WhiteElo "3055"]
[BlackElo "2850"]
[TimeControl "180+1"]
[EndTime "15:06:34 PST"]
[Termination "DarkAlekhine won on time"]

1. d4 c5 2. d5 g6 3. e4 Bg7 4.
Nc3 d6 5. Nf3 Nf6 6. Bc4 O-O 7.
O-O Bg4 8. h3 Bxf3 9. Qxf3 Nbd7 10. Qd1 Ne8 11. a4 Nc7 12. Bg5 h6 13. Be3 a6 14. a5 b5 15. axb6 Nxb6 16. Be2 a5 17. Qd2 Kh7 18. Ra2 a4 19. Rfa1 Qd7 20. Nd1 e6 21. dxe6 Qxe6 22. Nc3 Qd7 23. Qd3 Qc6 24. Rd1 Rfd8 25. Bf3 Be5 26. Bc1 Qe8 27. Ne2 d5 28. exd5 Ncxd5 29. Re1 Nb4 30. Qe3 Nxa2 31. Qxh6+ Kg8 32. Bxa8 Nxc1 33. Nxc1 Rxa8 34.
Nd3 Nd7 35. Nxe5 Nxe5 36. Qe3 Ra6 37. Rd1 Re6 38. Qxc5 Kg7 39. Qd4 Kg8 40. Ra1 Ra6 0-1

[Event "Late-Titled-Tuesday-Blitz-February-20-2024"]
[Site "Chess.com"]
[Date "2024.02.20"]
[Round "6"]
[White "dedpihto_v_kozhanom_palto"]
[Black "delqate"]
[Result "1-0"]
[WhiteElo "2695"]
[BlackElo "2525"]
[TimeControl "180+1"]
[EndTime "15:06:34 PST"]
[Termination "dedpihto_v_kozhanom_palto won on time"]

1. c4 c6 2. d4 d5 3. Nf3 Nf6 4.
Nc3 a6 5. cxd5 cxd5 6. Bg5 Nbd7 7. e3 e6 8. Bd3 Be7 9. O-O b5 10. a4 b4 11. Ne2 a5 12. Ne5 Nxe5 13. dxe5 Nd7 14.
Bxe7 Qxe7 15. f4 O-O 16. Nd4 Nc5 17. Bb5 Bb7 18. Rc1 Rac8 19. Qe2 Ne4 20. Bd3 Nc5 21. Rfd1 Nxd3 22. Qxd3 Rc5 23. Nb3 Rxc1 24. Rxc1 Ra8 25.
Nd4 g6 26. g3 Ba6 27. Qc2 Rc8 28. Qd2 Qd7 29. b3 Rc7 30. Rxc7 Qxc7 31. Qc2 Qc3 32.
Qxc3 bxc3 33. Kf2 Bd3 34. Ke1 Kf8 35. Kd1 Ke8 36. Nc6 Kd7 37. Nxa5 Kc7 38. b4 Kb6 39. Kc1 Kc7 40. Nb3 Kb6 41. Nd4 Ka6 42. h4 Kb6 43.
Nb3 1-0

[Event "Late-Titled-Tuesday-Blitz-February-20-2024"]
[Site "Chess.com"]
[Date "2024.02.20"]
[Round "6"]
[White "Fonsofan"]
[Black "Genghis_K"]
[Result "0-1"]
[WhiteElo "2686"]
[BlackElo "2941"]
[TimeControl "180+1"]
[EndTime "15:06:35 PST"]
[Termination "Genghis_K won on time"]

1. e4 c5 2. Nf3 d6 3. g3 Nf6 4.
Qe2 Nc6 5. Bg2 Bg4 6. c3 e6 7. d3 Be7 8. Nbd2 O-O 9. O-O d5 10. h3 Bh5 11. g4 Bg6 12. Nh4 dxe4 13. Nxg6 hxg6 14. Nxe4 Nxe4 15. Bxe4 Qd7 16. Be3 f5 17. Bg2 Rae8 18. f4 Bd6 19. Rae1 Ne7 20. d4 cxd4 21. Bxd4 Nd5 22. Be5 Bxe5 23. Qxe5 Nf6 24. g5 Nh5 25. Rd1 Qa4 26. Rd6 Kh7 27. Bf3 Qxf4 28. Qxf4 Nxf4 29. Kh2 Re7 30. Re1 e5 31.
Kg3 Rfe8 32. c4 b6 33. b3 Ne6 34. Rxe5 Nxg5 35. Rxe7 Rxe7 36. Bg2 Nf7 37. Rd3 g5 38. Rd5 g6 39. Kf2 Kg7 40. a4 Kf6 41.
a5 Ne5 42. axb6 axb6 43. Rd6+ Re6 44. Rxe6+ Kxe6 45. Bd5+ Kd6 46. Bg8 Nd3+ 47. Ke3 Nf4 48. Bf7 Ke7 49. Bg8 Nxh3 50. b4 g4 51. c5 bxc5 52. bxc5 g5 53. c6 Kd6 54. Bh7 f4+ 55.
Ke2 g3 56. Kf1 f3 0-1

[Event "Late-Titled-Tuesday-Blitz-February-20-2024"]
[Site "Chess.com"]
[Date "2024.02.20"]
[Round "6"]
[White "Marianov_Podstavnikov"]
[Black "Inepton_Fermion"]
[Result "1/2-1/2"]
[WhiteElo "2513"]
[BlackElo "2385"]
[TimeControl "180+1"]
[EndTime "15:06:35 PST"]
[Termination "Game drawn by repetition"]

1. e4 c6 2. Nf3 d5 3. Nc3 Bg4 4. Be2 Bxf3 5. Bxf3 d4 6. Ne2 c5 7. d3 Nc6 8. Bf4 e5 9. Bg3 Bd6 10. c3 Nge7 11. O-O O-O 12. cxd4 cxd4 13. Rc1 Rc8 14. Bg4 Rb8 15. f4 exf4 16. Nxf4 Ne5 17. Be2 Qa5 18. a3 Rbc8 19. Qb3 b5 20. Rxc8 Rxc8 21. Be1 Qa4 22. Bd1 Qxb3 23. Bxb3 Rc1 24. Bh4 Rxf1+ 25. Kxf1 N7g6 26. Bg3 Nxf4 27. Bxf4 Kf8 28. Ke2 Ke7 29. Bg3 f6 30. Bf2 Bc5 31. Bd5 Nd7 32. Bc6 a6 33. a4 bxa4 34. Bxa4 Nb6 35. Bb3 a5 36. Be1 a4 37. Bg8 h6 38. Ba5 Nd7 39. Bc4 a3 40. b4 Bb6 41. Kd2 Kd6 42. Kc2 Bxa5 43. bxa5 Nc5 44. a6 Kc7 45. Kb1 Kb6 46. Ka2 Nxa6 47. Bxa6 Kxa6 48. Kxa3 Ka5 49. h4 h5 50.
Kb3 Kb5 51. Ka3 Ka5 52. Kb3 Kb5 53. Ka3 Ka5 1/2-1/2

[Event "Late-Titled-Tuesday-Blitz-February-20-2024"]
[Site "Chess.com"]
[Date "2024.02.20"]
[Round "6"]
[White "WilsonPalencia21"]
[Black "JoakimVonAnd"]
[Result "1-0"]
[WhiteElo "2548"]
[BlackElo "2686"]
[TimeControl "180+1"]
[EndTime "15:06:37 PST"]
[Termination "WilsonPalencia21 won by checkmate"]

1. d4 Nf6 2. c4 e6 3. Nf3 b6 4. g3 Bb7 5. Bg2 Bb4+ 6. Nbd2 O-O 7. O-O a5 8. Qc2 d6 9. Nb1 Be4 10. Qb3 d5 11. Nbd2 Nc6 12. cxd5 Bxd5 13. Qc2 Rc8 14. e4 Bxd2 15. exd5 Bxc1 16. dxc6 Bh6 17. Rad1 Qd6 18. Ne5 Rcd8 19. f4 g6 20. Nc4 Qe7 21. Rfe1 Bg7 22. Ne3 Qb4 23. a3 Qb5 24. Bf1 Qh5 25.
Be2 Qh3 26. Bf1 Qh5 27. Be2 Qh6 28. Bf3 Rfe8 29. h4 Nh5 30. Ng4 Bxd4+ 31. Rxd4 Qg7 32. Rxd8 Rxd8 33. Ne5 Nxg3 34. Qf2 Nf5 35. Kh2 Qf6 36. Kh3 Rd4 37. Bg4 Rxf4 38. Qxf4 Qxh4+ 39. Kg2 Qxe1 40.
Bxf5 exf5 41. Nd7 Qe2+ 42. Kg3 Qd3+ 43. Qf3 Qd6+ 44. Kg2 a4 45. Qc3 Qd5+ 46. Kf2 b5 47. Nf6+ Kf8 48. Nxd5 h5 49. Qh8# 1-0

[Event "Late-Titled-Tuesday-Blitz-February-20-2024"]
[Site "Chess.com"]
[Date "2024.02.20"]
[Round "6"]
[White "laskakid"]
[Black "WindWhistler11"]
[Result "0-1"]
[WhiteElo "2349"]
[BlackElo "2495"]
[TimeControl "180+1"]
[EndTime "15:06:38 PST"]
[Termination "WindWhistler11 won on time"]

1. d4 Nf6 2. c4 e6 3. Nc3 c5 4. d5 exd5 5. cxd5 Bd6 6. g3 O-O 7.
Bg2 Re8 8. Nh3 Bf8 9. d6 Re6 10. Bf4 Nh5 11. O-O Nxf4 12. Nxf4 Rxd6 13. Qc2 Na6 14.
Ne4 Rh6 15. Rfd1 Rb8 16. a3 b6 17. Rd2 Nc7 18. Rad1 Ne6 19. Nd5 Bb7 20. e3 Bc6 21. f4 Qe8 22. Qc3 Kh8 23. f5 Nd8 24. g4 f6 25. Nexf6 gxf6 26. Nxf6 Rxf6 27. Qxf6+ Bg7 28. Qg5 Nf7 29. Qh5 Qxe3+ 30. Kh1 Bxg2+ 31. Kxg2 Qe4+ 32. Kg1 Ne5 33. Rxd7 Nxd7 34. Rxd7 Bd4+ 35.
Kf1 Qd3+ 36. Kg2 Qe2+ 37. Kh3 Qd3+ 38. Kg2 Qe2+ 39. Kh3 Qf3+ 40. Kh4 Bf2+ 41. Kg5 Qe3+ 42. Kf6 Rf8+ 43. Rf7 Qd4+ 44. Ke7 Qd8+ 45. Ke6 Re8+ 0-1

[Event "Late-Titled-Tuesday-Blitz-February-20-2024"]
[Site "Chess.com"]
[Date "2024.02.20"]
[Round "6"]
[White "Durarbayli"]
[Black "Goryachkina"]
[Result "1/2-1/2"]
[WhiteElo "2948"]
[BlackElo "2699"]
[TimeControl "180+1"]
[EndTime "15:06:40 PST"]
[Termination "Game drawn by repetition"]

1. e4 c5 2. Nf3 e6 3. d4 cxd4 4. Nxd4 Nf6 5. Nc3 Nc6 6. Nxc6 bxc6 7. e5 Nd5 8. Ne4 Bb7 9. Nd6+ Bxd6 10. exd6 c5 11.
c4 Nf6 12. f3 O-O 13. Bd3 e5 14. O-O Re8 15. Bg5 h6 16. Bh4 g5 17. Bf2 Nh5 18.
Bxc5 Qf6 19. Be4 Bxe4 20. fxe4 Qg6 21. Qf3 Rac8 22. b4 Nf4 23. Rad1 Re6 24. g3 g4 25. Qe3 Nh3+ 26. Kg2 Ng5 27. Rf5 Nf3 28. Rf1 Rf6 29. R1xf3 gxf3+ 30. Qxf3 Rxf5 31. exf5 Qf6 32. Qe4 a5 33. a3 axb4 34. axb4 Kh7 35. h4 h5 36. Kh3 Rg8 37. Be3 Rg4 38. Qf3 e4 39. Qf2 Qxd6 40. b5 Qd3 41. b6 Qxc4 42. f6 Qb5 43. Kh2 Rg8 44. Qf4 Rg6 45. Qxe4 Qe2+ 46. Kh3 Qf1+ 47.
Kh2 Qe2+ 48. Kh3 Qf1+ 49. Kh2 Qe2+ 1/2-1/2

[Event "Late-Titled-Tuesday-Blitz-February-20-2024"]
[Site "Chess.com"]
[Date "2024.02.20"]
[Round "6"]
[White "sansanathalia"]
[Black "thechesscorner64"]
[Result "0-1"]
[WhiteElo "2384"]
[BlackElo "2525"]
[TimeControl "180+1"]
[EndTime "15:06:40 PST"]
[Termination "thechesscorner64 won by checkmate"]

1. e4 c5 2. Nf3 e6 3. g3 Nc6 4. Bg2 Nf6 5. d3 e5 6. O-O d6 7. c3 g6 8. Na3 Bg7 9. Re1 O-O 10. d4 cxd4 11. cxd4 Bg4 12. dxe5 Nxe5 13. Nc2 Re8 14. Bf4 Qb6 15. Rb1 Nh5 16. Bxe5 dxe5 17. Ne3 Be6 18. b3 Rad8 19. Qc2 Rc8 20. Qb2 h6 21. Rec1 Rcd8 22. Rd1 Qb4 23. Nd2 Nf4 24.
a3 Qf8 25. gxf4 exf4 26. Qc2 fxe3 27. fxe3 Rc8 28. Qd3 Qxa3 29. Nc4 Qb4 30. Nd6 Red8 31. e5 Bxe5 32. Nxc8 Rxd3 33. Rxd3 Bxc8 34. Rd8+ Kg7 35.
Rxc8 Qb6 36. Kf2 Qf6+ 37. Kg1 Qb6 38. Kf2 Bxh2 39. Rcc1 Qf6+ 40. Ke2 Bg3 41. Bf3 Qe5 42. Rc4 h5 43. Rf1 h4 44. Bxb7 Qb2+ 45. Kf3 Qxb3 46.
Bd5 Qd3 47. Rd4 Qxf1+ 48. Kg4 Qf5# 0-1

[Event "Late-Titled-Tuesday-Blitz-February-20-2024"]
[Site "Chess.com"]
[Date "2024.02.20"]
[Round "6"]
[White "Zhigalko_Sergei"]
[Black "gahryman"]
[Result "1-0"]
[WhiteElo "2939"]
[BlackElo "2705"]
[TimeControl "180+1"]
[EndTime "15:06:42 PST"]
[Termination "Zhigalko_Sergei won by resignation"]

1. e4 c5 2. Nf3 Nc6 3. c3 Nf6 4. e5 Nd5 5. Bc4 Nb6 6. Bb3 d5 7. exd6 Qxd6 8. O-O c4 9. Bc2 Bg4 10. Re1 Qf6 11. b3 Bxf3 12. Qxf3 Qxf3 13. gxf3 O-O-O 14.
Na3 cxb3 15. axb3 e6 16. Nc4 Nd5 17. b4 a6 18. Rb1 b5 19. Ne3 Nf4 20. d4 Bd6 21.
Ra1 Kb7 22. Be4 Rc8 23. d5 exd5 24. Nxd5 Nxd5 25. Bxd5 Rhd8 26. Bxf7 Be5 27. Ra3 Bf6 28. Bf4 Rd3 29. Re3 Rd1+ 30. Kg2 Rf8 31. Bb3 Rc1 32. Bd5 Rd1 33. Bxc6+ Kxc6 34. Rxa6+ Kb7 35. Ree6 Bd8 36. Be3 Rd5 37. Ra7+ Kc8 38. Rxg7 Rd7 39. Rxd7 Kxd7 40. Re5 Rg8+ 41. Kf1 Kc6 42. Rc5+ Kd6 43. Rxb5 Bf6 44. c4 Ra8 45. Rb6+ Ke7 46. Rb7+ Ke6 47. Rxh7 Ra2 48. b5 Rc2 49. c5 Rb2 50. b6 1-0

[Event "Late-Titled-Tuesday-Blitz-February-20-2024"]
[Site "Chess.com"]
[Date "2024.02.20"]
[Round "6"]
[White "Elsa167"]
[Black "Nouali_Mohamed"]
[Result "1-0"]
[WhiteElo "2889"]
[BlackElo "2559"]
[TimeControl "180+1"]
[EndTime "15:06:42 PST"]
[Termination "Elsa167 won on time"]

1. d4 Nf6 2. c4 g6 3. Nc3 Bg7 4. e4 d6 5. h3 O-O 6. Be3 c5 7. Nf3 cxd4 8. Nxd4 Nc6 9. Be2 Nxd4 10. Bxd4 Be6 11. O-O Qa5 12. Rc1 Rfc8 13. b3 a6 14. f4 b5 15. f5 Bd7 16. fxg6 hxg6 17. Nd5 Nxd5 18. exd5 Bxd4+ 19. Qxd4 Qxa2 20. Bd3 bxc4 21. bxc4 Qa3 22. Rce1 Qc5 23. Qxc5 Rxc5 24. Rxe7 Be8 25. Rf6 a5 26. Rxd6 a4 27. Re2 Rb8 28. Ra6 Kf8 29.
Kf2 Rb3 30. Re3 Bd7 31. Ra7 Bc8 32. Rf3 f5 33. Rxa4 Kg7 34. Ke3 Rc7 35. Kd4 Kf6 36. Ra5 Kg5 37. Rc5 Rxc5 38. Kxc5 Ba6 39. d6 Bc8 40. Kc6 Rb2 41. Bf1 Be6 42. c5 1-0

[Event "Late-Titled-Tuesday-Blitz-February-20-2024"]
[Site "Chess.com"]
[Date "2024.02.20"]
[Round "6"]
[White "miraitrunks"]
[Black "toninhojit"]
[Result "0-1"]
[WhiteElo "2207"]
[BlackElo "2461"]
[TimeControl "180+1"]
[EndTime "15:06:42 PST"]
[Termination "toninhojit won on time"]

1. e4 c5 2. Nc3 a6 3. a4 e6 4. Nge2 d6 5. g3 Nf6 6. Bg2 Be7 7.
O-O O-O 8. h3 Nc6 9. d4 cxd4 10.
Nxd4 Bd7 11. Be3 Rc8 12. f4 Nxd4 13. Bxd4 Bc6 14. e5 dxe5 15. Bxe5 Bxg2 16. Kxg2 Nd7 17. Qg4 Nxe5 18. fxe5 Qc7 19. Rae1 b5 20. axb5 axb5 21. Re4 b4 22. Ne2 Qxc2 23. Rf6 Kh8 24. Rf2 Qc6 25. Kh2 f5 26. exf6 Bxf6 27. Rxe6 Qc4 28. Nf4 Qd4 29.
Rfe2 b3 30. Qh5 Kg8 31. Nd5 Rc5 32. Nxf6+ gxf6 33. Qh6 Re5 34. R2xe5 fxe5 35. Qg5+ Kh8 36. h4 Qf2+ 37. Kh3 Qf1+ 38. Kg4 Qd1+ 39. Kh3 Qf1+ 40. Kg4 Rg8 41. Re8 Rxe8 42. h5 Qe2+ 0-1

[Event "Late-Titled-Tuesday-Blitz-February-20-2024"]
[Site "Chess.com"]
[Date "2024.02.20"]
[Round "6"]
[White "ArtemDyachuk"]
[Black "Capablanca_Oujda_2021"]
[Result "1-0"]
[WhiteElo "2654"]
[BlackElo "2506"]
[TimeControl "180+1"]
[EndTime "15:06:43 PST"]
[Termination "ArtemDyachuk won on time"]

1. e4 c5 2. Nf3 d6 3. d4 cxd4 4.
Nxd4 Nf6 5. Nc3 a6 6. Be2 e5 7. Nf3 h6 8. Be3 Be6 9. Nd2 Qc7 10. O-O d5 11. exd5 Nxd5 12. Nxd5 Bxd5 13. Bd3 Be7 14. Qg4 Nd7 15. Rad1 Be6 16. Qg3 g5 17. Qf3 Nf6 18. Qe2 Nd5 19. Nc4 Nxe3 20. Nxe3 O-O-O 21. Nf5 Bc5 22. Ng7 Bd5 23. Rfe1 f6 24. Nf5 h5 25. Ng3 h4 26. Ne4 Bxe4 27. Bxe4 Kb8 28. c3 Bb6 29. Qf3 Qe7 30. Kf1 h3 31. gxh3 Rdf8 32. Bf5 Rd8 33.
Re4 Qc5 34. Rde1 Rd2 35. R4e2 Rhd8 36. Kg2 Ka7 37. Be4 Rxe2 38. Rxe2 Rd7 39. a4 a5 40. b4 axb4 41. cxb4 Qxb4 42. Ra2 Bd4 43. a5 Rd6 44. Rc2 Qxa5 45. Bxb7 e4 46. Bxe4 Bb6 47. Rc8 1-0

[Event "Late-Titled-Tuesday-Blitz-February-20-2024"]
[Site "Chess.com"]
[Date "2024.02.20"]
[Round "6"]
[White "maxip32"]
[Black "Jaka_Brilej"]
[Result "1-0"]
[WhiteElo "2653"]
[BlackElo "2504"]
[TimeControl "180+1"]
[EndTime "15:06:44 PST"]
[Termination "maxip32 won by checkmate"]

1. e4 c5 2. Nf3 Nc6 3. Bb5 g6 4. Bxc6 dxc6 5. d3 Bg7 6. Nc3 Nf6 7. h3 Nd7 8. Be3 e5 9. Qd2 Qe7 10. Bh6 f6 11. Bxg7 Qxg7 12. a3 Nf8 13. b4 cxb4 14. axb4 Ne6 15. O-O O-O 16. Qe3 Nf4 17. Ne2 g5 18. Nh2 h5 19. c3 Be6 20. Rfd1 Kh7 21. d4 Rg8 22. d5 cxd5 23. exd5 Bxd5 24. Rxd5 Nxd5 25. Qe4+ f5 26. Qxd5 f4 27. Rd1 Rad8 28. Qe4+ Kh6 29. Re1 g4 30. hxg4 hxg4 31. Nf1 Qg5 32.
Nc1 f3 33. Nd3 fxg2 34. Ng3 Qd2 35. Nxe5 Rdf8 36. Re2 Qc1+ 37. Kxg2 Rg5 38. Re1 Qxc3 39.
Rh1+ Kg7 40. Rh7+ Kf6 41. Nxg4+ Rxg4 42. Qe7+ Kg6 43. Qxf8 Qc6+ 44. Kh3 Kxh7 45. Kxg4 Qe4+ 46. Nxe4 a6 47. Kh5 a5 48. Ng5# 1-0

[Event "Late-Titled-Tuesday-Blitz-February-20-2024"]
[Site "Chess.com"]
[Date "2024.02.20"]
[Round "6"]
[White "maroro07"]
[Black "JosephRyan"]
[Result "1-0"]
[WhiteElo "2408"]
[BlackElo "2186"]
[TimeControl "180+1"]
[EndTime "15:06:46 PST"]
[Termination "maroro07 won by resignation"]

1. e4 g6 2. d4 Bg7 3. Nc3 d6 4. Be3 a6 5. h4 h5 6. Nh3 Bxh3 7. Rxh3 Nd7 8. Qd2 c5 9. O-O-O cxd4 10. Bxd4 Bxd4 11.
Qxd4 Ngf6 12. f4 Qb6 13. Qxb6 Nxb6 14. Be2 Rc8 15. e5 dxe5 16. fxe5 Ng4 17. Bxg4 hxg4 18. Rhh1 e6 19. Ne4 Ke7 20. g3 Nc4 21. Rhe1 Nxe5 22. Nd6 Rcd8 23. Nxb7 Rxd1+ 24. Rxd1 Rb8 25. Nc5 a5 26. b3 Rc8 27. Ne4 f5 28. Ng5 Kf6 29. c4 Nf7 30. Nxf7 Kxf7 31. Kc2 e5 32. Kc3 f4 33.
gxf4 exf4 34. Rd4 g5 35. hxg5 Kg6 36. Rxf4 Kxg5 37. Rf7 g3 38. Rg7+ Kf4 39. a3 Kf3 40. b4 a4 41. b5 g2 42. Kb4 Kf2 43. c5 g1=Q 44. Rxg1 Kxg1 45. c6 Kf2 46. Kc5 Ke3 47. b6 Ke4 48. b7 Rh8 49. c7 Rh5+ 50. Kb4 1-0

[Event "Late-Titled-Tuesday-Blitz-February-20-2024"]
[Site "Chess.com"]
[Date "2024.02.20"]
[Round "6"]
[White "AlexTruskavetsky"]
[Black "vugarrasulov"]
[Result "1-0"]
[WhiteElo "2732"]
[BlackElo "2929"]
[TimeControl "180+1"]
[EndTime "15:06:49 PST"]
[Termination "AlexTruskavetsky won by resignation"]

1. d4 Nf6 2. c4 e6 3. Nc3 Bb4 4. e3 c5 5. a3 Ba5 6. Bd3 Nc6 7. Ne2 d6 8. Rb1 O-O 9. O-O h6 10. Qc2 Bb6 11. dxc5 dxc5 12. Rd1 Qe7 13. Ng3 Bc7 14.
b3 b6 15. Bb2 Bb7 16. Nce4 Be5 17. Nxf6+ Qxf6 18. Be4 Bxb2 19. Qxb2 Rad8 20. Qxf6 gxf6 21. f4 f5 22. Bf3 Na5 23. Rxd8 Rxd8 24. Rd1 Rxd1+ 25. Bxd1 Kg7 26. Kf2 Kf6 27. Ne2 Be4 28.
Nc3 Bd3 29. h3 Ke7 30. g4 Kd7 31. g5 hxg5 32. fxg5 Ke7 33. h4 Kf8 34. h5 Nc6 35. Kg3 Kg7 36. Nb5 a6 37. Nc7 b5 38. Nxa6 bxc4 39.
bxc4 Bxc4 40. Nxc5 Ne7 41. Nd7 Bb5 42. h6+ Kh8 43. Ne5 Kg8 44. Bh5 Be8 45. a4 Nd5 46. a5 Nxe3 47. a6 Nd5 48. a7 f4+ 49. Kh4 Nc7 50.
Bf3 Kh7 51. Be4+ Kg8 52. a8=Q Nxa8 53. Bxa8 Bb5 54. Be4 Be8 55. Kg4 Ba4 56. h7+ Kg7 57. Nxf7 1-0

[Event "Late-Titled-Tuesday-Blitz-February-20-2024"]
[Site "Chess.com"]
[Date "2024.02.20"]
[Round "6"]
[White "rdarruda"]
[Black "stollenmonster"]
[Result "0-1"]
[WhiteElo "2542"]
[BlackElo "2866"]
[TimeControl "180+1"]
[EndTime "15:06:50 PST"]
[Termination "stollenmonster won by checkmate"]

1. d4 Nf6 2. Nf3 e6 3. c4 d5 4. Nc3 Ne4 5. e3 f5 6. cxd5 exd5 7. Bd3 c6 8. O-O Bd6 9. Ne5 O-O 10. f3 Nxc3 11.
bxc3 Nd7 12. f4 Nf6 13. c4 Be6 14. Qc2 Ne4 15. Rb1 Rb8 16. c5 Bc7 17. Bd2 g5 18. g3 g4 19. Be1 h5 20. h4 gxh3 21. Kh2 Nf6 22. Kxh3 Ng4 23. Nxg4 fxg4+ 24. Kg2 Qe7 25. Bd2 Bf7 26. Bg6 Qe6 27. Bd3 b6 28. cxb6 Bxb6 29. f5 Qd6 30. f6 Bc7 31. Be1 Rxb1 32.
Qxb1 Rb8 33. Qc2 Qa3 34. Bc3 Ba5 35. Ba1 Qd6 36. Bc3 Bc7 37. Be1 Re8 38. Qf2 Qe6 39. Bd2 Rb8 40. Bf5 Qd6 41. Bc1 h4 42. Bxg4 Qxg3+ 43. Qxg3 Bxg3 44. Bd1 Bg6 45. Bb3 Be4+ 46. Kh3 Kf7 47. Bd2 Rg8 48. Bb4 Rg6 49. Be7 Bc7 50.
Rf2 Rg3+ 51. Kxh4 Rxe3 52. Rd2 Bf4 53. Rb2 Re1 54. Kg4 Bc1 55. Rh2 Rg1+ 56. Kh4 Bg5+ 57. Kh3 Bf5# 0-1

[Event "Late-Titled-Tuesday-Blitz-February-20-2024"]
[Site "Chess.com"]
[Date "2024.02.20"]
[Round "6"]
[White "Duhless"]
[Black "Hrant_ChessMood"]
[Result "1-0"]
[WhiteElo "3100"]
[BlackElo "3011"]
[TimeControl "180+1"]
[EndTime "15:06:51 PST"]
[Termination "Duhless won by resignation"]

1. d4 d5 2. Nf3 Nf6 3. c4 e6 4. g3 dxc4 5. Bg2 Bb4+ 6. Nbd2 b5 7.
Ne5 c6 8. O-O O-O 9. a4 Qxd4 10.
Nxc6 Nxc6 11. axb5 a5 12. Bxc6 Rb8 13. Nf3 Qxd1 14.
Rxd1 Bb7 15. Bf4 Bxc6 16. bxc6 Rbc8 17. Bd6 Rfe8 18. Ne5 Nd5 19. Bxb4 Nxb4 20. Nxc4 Rxc6 21. b3 Nd5 22. Rxa5 g6 23. Ra7 Rf8 24. Kg2 Rc5 25. Rd3 Rb5 26. e4 Nf6 27. e5 Nd5 28. Nd6 Rc5 29.
Rf3 Rc7 30. Rxc7 Nxc7 31. b4 Nd5 32. b5 Kg7 33. Ra3 g5 34. Ra7 Kg6 35. Rb7 h5 36. h3 g4 37. hxg4 hxg4 38. Ra7 Kg7 39. Rb7 Kg6 40.
b6 Kg7 41. Nc4 Rc8 42. Rxf7+ Kg6 43. b7 Rb8 44. Nd6 Nb6 45. Rc7 Kg5 46. Rc8 1-0

[Event "Late-Titled-Tuesday-Blitz-February-20-2024"]
[Site "Chess.com"]
[Date "2024.02.20"]
[Round "6"]
[White "carloseduar100"]
[Black "TokChess"]
[Result "1/2-1/2"]
[WhiteElo "2375"]
[BlackElo "2554"]
[TimeControl "180+1"]
[EndTime "15:06:52 PST"]
[Termination "Game drawn by repetition"]

1. e4 e5 2. Nf3 Nf6 3. Nc3 Nc6 4.
Nxe5 Nxe5 5. d4 Nc6 6. d5 Ne7 7. e5 Nfxd5 8. Nxd5 Nxd5 9. Qxd5 Qe7 10. Bd2 Qe6 11.
Qxe6+ fxe6 12. O-O-O Bc5 13. f4 b6 14. h4 Bb7 15.
Rh3 Bc6 16. g4 O-O 17. Bd3 Rae8 18. Re1 Bf2 19. Re2 Bc5 20. f5 Bd4 21. c3 Bc5 22. Kc2 a5 23. a3 a4 24. Bg5 h6 25. Bd2 Rf7 26. f6 gxf6 27. Bxh6 fxe5 28. Rxe5 Bf8 29. Bd2 Bg7 30. Re2 Ref8 31. g5 e5 32. h5 Rf3 33. Rxf3 Bxf3 34. Rh2 d5 35. h6 e4 36. hxg7 exd3+ 37. Kxd3 Be4+ 38. Kd4 Kxg7 39. Be3 c5+ 40. Ke5 Re8+ 41. Kd6 Bg6 42. Bd2 Bf7 43.
Kc7 Re6 44. Bf4 b5 45. Bd6 d4 46. Bxc5 d3 47. Bd4+ Kg6 48. Rd2 Kxg5 49. Rxd3 Bg6 50. Rg3+ Kf5 51. Rf3+ Ke4 52. Re3+ Kd5 53. Rxe6 Kxe6 54.
Kb6 Bd3 55. Kc5 Bc4 56. Kb4 Kd7 57. Kc5 Kc7 58. Be5+ Kb7 59. Bd6 Ka6 60. Be5 Kb7 61.
Bd6 Kc8 62. Be5 Kb7 1/2-1/2

[Event "Late-Titled-Tuesday-Blitz-February-20-2024"]
[Site "Chess.com"]
[Date "2024.02.20"]
[Round "6"]
[White "Hasangatin_Ramil"]
[Black "ahmedkandiliii"]
[Result "1-0"]
[WhiteElo "2680"]
[BlackElo "2517"]
[TimeControl "180+1"]
[EndTime "15:06:55 PST"]
[Termination "Hasangatin_Ramil won by resignation"]

1. e4 e5 2. Nf3 Nc6 3. Bb5 a6 4.
Ba4 Nf6 5. Bxc6 dxc6 6. d3 Nd7 7.
Be3 Bd6 8. c3 c5 9. O-O O-O 10.
Nbd2 Qe7 11. Nc4 b5 12. Nxd6 cxd6 13. c4 Bb7 14. Nd2 Qf6 15. f3 Qg6 16. a4 b4 17. Qe2 f5 18. exf5 Qxf5 19. Ne4 Bxe4 20. dxe4 Qe6 21. Qd3 b3 22. Rfd1 Nb6 23. Qxb3 Rab8 24.
Rac1 Na8 25. Qd3 Rfd8 26. b3 Rb6 27. Bxc5 Rb7 28. Bxd6 Nc7 29. b4 Rxb4 30. c5 Rxa4 31. Qc2 Ra2 32. Bxc7 Rxc2 33. Rxd8+ Kf7 34. Rxc2 Qb3 35.
Rdd2 Qe3+ 36. Kf1 Ke6 37. Bd6 Qb3 38. c6 Qb1+ 39. Kf2 Qb6+ 40. Ke2 Qb5+ 41. Rd3 Qb1 42. Rdc3 Qg1 43. c7 Qxg2+ 44. Kd1 Qf1+ 45. Kd2 Qf2+ 46. Kc1 Qg1+ 47. Kb2 Qb6+ 48. Rb3 Qd4+ 49. Rcc3 Qd2+ 50. Kb1 Qd1+ 51. Ka2 Qd2+ 52. Ka1 Qd1+ 53. Kb2 Qd2+ 54. Rc2 Qd4+ 55. Ka2 Qa4+ 56. Ba3 Qxb3+ 57. Kxb3 1-0